[Event "EYCC Open-U14 2019"]
[Site "Bratislava"]
[Date "2019.08.06"]
[Round "5.25"]
[White "Kusa, Jakub"]
[Black "Zemach, Nadav"]
[Result "1-0"]
[ECO "C84"]
[WhiteElo "2199"]
[BlackElo "1997"]
[Annotator "NA"]
[PlyCount "206"]
[EventDate "2019.08.02"]
[EventType "swiss"]
[EventCountry "SVK"]
[SourceTitle "playchess.com"]
[Source "ChessBase"]
[SourceQuality "1"]
[TimeControl "40/5400+30:1800+30"]

1. e4 e5 2. Nf3 Nc6 3. Bb5 a6 4. Ba4 Nf6 5. O-O Be7 6. d3 b5 7. Bb3 d6 8. a3 O-O 9. Nc3 Bg4 10. Be3 Nd4 11. Bxd4 exd4 12. Nd5 Nd7 13. h3 Bxf3 14. Qxf3 c6 15. Nxe7+ Qxe7 16. Qg3 Nc5 17. Ba2 a5 18. f4 Na4 19. Rab1 b4 20. Bb3 Nc5 21. Bc4 Na4 22. Qf2 c5 23. Bb3 Nb6 24. axb4 axb4 25. Rbe1 Na4 26. e5 Nxb2 27. Qg3 Kh8 28. exd6 Qxd6 29. Re5 Na4 30. Rd5 Qc7 31. Re1 Nc3 32. Rde5 Qd6 33. Qf3 Rad8 34. f5 Rc8 35. Qh5 Kg8 36. Re7 Nd5 37. f6 Nxf6 38. Bxf7+ Kh8 39. Qe5 Qxe5 40. R1xe5 Ng8 41. Rb7 Nh6 42. Bb3 Ra8 43. Rxc5 Nf5 44. Rf7 Rxf7 45. Bxf7 Ne3 46. Bb3 g6 47. Rb5 Ra1+ 48. Kf2 Rf1+ 49. Ke2 Rg1 50. g4 Rg2+ 51. Kf3 Rh2 52. Kg3 Rg2+ 53. Kf4 h6 54. Rxb4 Nxc2 55. Rc4 Ne1 56. Rxd4 Rf2+ 57. Ke4 Re2+ 58. Kd5 Re3 59. Re4 Rxd3+ 60. Kc4 Rxh3 61. Rxe1 Rh4 62. Re4 h5 63. Bd1 hxg4 64. Kd5 Kg7 65. Ke5 Rh1 66. Bxg4 Rf1 67. Ra4 Kh6 68. Be6 Kh5 69. Ra2 Re1+ 70. Kf6 Rf1+ 71. Kg7 Re1 72. Bf7 Kg5 73. Ra5+ Kf4 74. Kf6 Rb1 75. Ra4+ Ke3 76. Ke5 Rb5+ 77. Bd5 g5 78. Rg4 Rb8 79. Rg3+ Kf2 80. Rxg5 Ke3 81. Rg3+ Kf2 82. Rf3+ Ke2 83. Ra3 Kf2 84. Be4 Rf8 85. Rh3 Re8+ 86. Kf4 Rf8+ 87. Bf5 Ke2 88. Rh2+ Kd1 89. Ke4 Re8+ 90. Kd3 Rd8+ 91. Ke3 Kc1 92. Rc2+ Kd1 93. Rb2 Ke1 94. Bd3 Re8+ 95. Be4 Rd8 96. Ra2 Rd7 97. Rb2 Rd8 98. Bc6 Rd6 99. Bf3 Re6+ 100. Be4 Rd6 101. Re2+ Kd1 102. Rb2 Ke1 103. Rg2 Rf6 1-0

[Event "EYCC Open-U14 2019"]
[Site "Bratislava"]
[Date "2019.08.06"]
[Round "5.26"]
[White "Adamia, Jaba"]
[Black "Pozzari, Simone"]
[Result "0-1"]
[ECO "E81"]
[WhiteElo "1819"]
[BlackElo "2179"]
[Annotator "NA"]
[PlyCount "60"]
[EventDate "2019.08.02"]
[EventType "swiss"]
[EventCountry "SVK"]
[SourceTitle "playchess.com"]
[Source "ChessBase"]
[SourceQuality "1"]
[TimeControl "40/5400+30:1800+30"]

1. d4 g6 2. c4 Nf6 3. Nc3 Bg7 4. e4 d6 5. f3 O-O 6. Be3 c5 7. Nge2 Nbd7 8. g4 a6 9. Qd2 Qa5 10. g5 Ne8 11. f4 Nc7 12. h4 b5 13. h5 Nb6 14. Ng3 Ne6 15. hxg6 fxg6 16. f5 Nxd4 17. Bxd4 cxd4 18. Qh2 h6 19. gxh6 Be5 20. Qh4 dxc3 21. Qxe7 Bxf5 22. Nxf5 cxb2+ 23. Ke2 bxa1=Q 24. Qe6+ Kh7 25. Qe7+ Kh8 26. Qg7+ Bxg7 27. hxg7+ Kg8 28. Rh8+ Kf7 29. gxf8=Q+ Rxf8 30. Rh7+ Kf6 0-1

[Event "EYCC Open-U14 2019"]
[Site "Bratislava"]
[Date "2019.08.06"]
[Round "5.27"]
[White "Laptii, Nazar"]
[Black "Vaupot, Luka"]
[Result "1-0"]
[ECO "C25"]
[WhiteElo "2133"]
[BlackElo "1939"]
[Annotator "NA"]
[PlyCount "73"]
[EventDate "2019.08.02"]
[EventType "swiss"]
[EventCountry "SVK"]
[SourceTitle "playchess.com"]
[Source "ChessBase"]
[SourceQuality "1"]
[TimeControl "40/5400+30:1800+30"]

1. e4 e5 2. Nc3 Nc6 3. g3 Bc5 4. Bg2 Nf6 5. h3 O-O 6. Nge2 d6 7. Na4 Bb4 8. O-O b5 9. Nac3 a6 10. f4 Bc5+ 11. Kh2 Nd4 12. Nxd4 Bxd4 13. Ne2 Bb7 14. d3 Bb6 15. g4 Re8 16. g5 Nd7 17. f5 Nf8 18. Ng3 d5 19. Qf3 dxe4 20. dxe4 Qd7 21. Nh5 Qc6 22. c3 Rad8 23. Qg3 Kh8 24. g6 fxg6 25. f6 Ne6 26. Nxg7 Nxg7 27. fxg7+ Kxg7 28. Bg5 Rd6 29. Bh6+ Kxh6 30. Rf7 g5 31. h4 Rg6 32. Raf1 Ree6 33. R1f5 g4 34. Bf3 Be3 35. Bxg4 Rg5 36. hxg5+ Kg6 37. Bh5+ 1-0

[Event "EYCC Open-U14 2019"]
[Site "Bratislava"]
[Date "2019.08.06"]
[Round "5.28"]
[White "Trofimov, Pavel"]
[Black "Nareks, Matic"]
[Result "1-0"]
[ECO "A41"]
[WhiteElo "2151"]
[BlackElo "1937"]
[Annotator "NA"]
[PlyCount "71"]
[EventDate "2019.08.02"]
[EventType "swiss"]
[EventCountry "SVK"]
[SourceTitle "playchess.com"]
[Source "ChessBase"]
[SourceQuality "1"]
[TimeControl "40/5400+30:1800+30"]

1. d4 d6 2. c4 e5 3. Nc3 Nd7 4. d5 g6 5. e4 Bg7 6. Nge2 a5 7. Ng3 Nc5 8. Be2 Ne7 9. h4 f5 10. exf5 Nxf5 11. Nxf5 Bxf5 12. g4 Bd7 13. Be3 b6 14. Qd2 Qe7 15. h5 e4 16. O-O-O O-O-O 17. Kb1 Na4 18. Nxa4 Bxa4 19. Rc1 Be8 20. Qc2 g5 21. Qb3 Be5 22. c5 dxc5 23. Bxc5 Qxc5 24. Rxc5 bxc5 25. Ba6+ Kd7 26. Re1 Bf7 27. Bb7 Kd6 28. Qb5 Be8 29. Qa6+ c6 30. Bxc6 Ke7 31. Rxe4 Kf6 32. Bd7+ Kg7 33. h6+ Kf8 34. Bxe8 Rxe8 35. Rxe5 Rxe5 36. Qf6+ 1-0

[Event "EYCC Open-U14 2019"]
[Site "Bratislava"]
[Date "2019.08.06"]
[Round "5.29"]
[White "Creanga, Robert-Ionut"]
[Black "Yaniv, Yuval"]
[Result "0-1"]
[ECO "A50"]
[WhiteElo "2024"]
[BlackElo "2135"]
[Annotator "NA"]
[PlyCount "76"]
[EventDate "2019.08.02"]
[EventType "swiss"]
[EventCountry "SVK"]
[SourceTitle "playchess.com"]
[Source "ChessBase"]
[SourceQuality "1"]
[TimeControl "40/5400+30:1800+30"]

1. d4 Nf6 2. c4 g6 3. f3 Nc6 4. d5 Ne5 5. e4 d6 6. Nc3 Bg7 7. f4 Ned7 8. Nh3 O-O 9. Be2 Nc5 10. Nf2 e6 11. O-O exd5 12. cxd5 Re8 13. Bf3 b5 14. Re1 b4 15. Nb1 Nfd7 16. a3 Rb8 17. axb4 Rxb4 18. Na3 Nb3 19. Nc2 Rb7 20. Rb1 Ndc5 21. Be3 f5 22. Nd4 fxe4 23. Nc6 Qf6 24. Bxc5 Nxc5 25. b4 Bd7 26. bxc5 Rxb1 27. Nxe4 Rxd1 28. Nxf6+ Bxf6 29. Rxd1 dxc5 30. Nxa7 c4 31. Nc6 c3 32. Rc1 Bf5 33. Bd1 Re1+ 34. Kf2 Rxd1 35. Rxd1 c2 36. Rh1 Bb2 37. Ne7+ Kf7 38. Nxf5 gxf5 0-1

[Event "EYCC Open-U14 2019"]
[Site "Bratislava"]
[Date "2019.08.06"]
[Round "5.30"]
[White "Papadiamandis, Elliot"]
[Black "Radojicic, Aleksandar M"]
[Result "1-0"]
[ECO "B41"]
[WhiteElo "2202"]
[BlackElo "1962"]
[Annotator "NA"]
[PlyCount "47"]
[EventDate "2019.08.02"]
[EventType "swiss"]
[EventCountry "SVK"]
[SourceTitle "playchess.com"]
[Source "ChessBase"]
[SourceQuality "1"]
[TimeControl "40/5400+30:1800+30"]

1. e4 c5 2. Nf3 e6 3. d4 cxd4 4. Nxd4 a6 5. Be2 Nf6 6. Nc3 Bb4 7. e5 Ne4 8. O-O Nxc3 9. bxc3 Bxc3 10. Rb1 d6 11. Qd3 dxe5 12. Qxc3 exd4 13. Qc5 Nc6 14. Bf3 Ne7 15. Ba3 Rb8 16. Qe5 Bd7 17. Bd6 f6 18. Qg3 Bb5 19. Bxb8 Bxf1 20. Qxg7 Rg8 21. Bh5+ Kd7 22. Qxf6 Bxg2 23. Bg3 Bc6 24. Bf7 1-0

[Event "EYCC Open-U14 2019"]
[Site "Bratislava"]
[Date "2019.08.06"]
[Round "5.31"]
[White "Luczak, Filip"]
[Black "Silva, Pedro Gil Ferreira D"]
[Result "1/2-1/2"]
[ECO "B15"]
[WhiteElo "2144"]
[BlackElo "2049"]
[Annotator "NA"]
[PlyCount "114"]
[EventDate "2019.08.02"]
[EventType "swiss"]
[EventCountry "SVK"]
[SourceTitle "playchess.com"]
[Source "ChessBase"]
[SourceQuality "1"]
[TimeControl "40/5400+30:1800+30"]

1. e4 c6 2. d4 d5 3. Nc3 dxe4 4. Nxe4 Nf6 5. Nxf6+ exf6 6. c3 Bd6 7. Bd3 O-O 8. Qc2 Re8+ 9. Ne2 h5 10. O-O h4 11. Nf4 Qc7 12. g3 Nd7 13. Qd1 Nf8 14. Qh5 Qd7 15. Bd2 hxg3 16. hxg3 Qg4 17. Qxg4 Bxg4 18. f3 Bd7 19. Kf2 Ne6 20. Ng2 Ng5 21. Ne3 g6 22. Rfe1 b5 23. a4 a6 24. axb5 axb5 25. Nc2 Rxa1 26. Rxe8+ Bxe8 27. Nxa1 Bd7 28. b4 Ne6 29. Nc2 Nc7 30. c4 bxc4 31. Bxc4 Be6 32. Bd3 Kf8 33. Ne3 Nd5 34. Nxd5 Bxd5 35. b5 cxb5 36. Bxb5 Ke7 37. g4 f5 38. gxf5 gxf5 39. Bd3 Ke6 40. Ba5 Bf4 41. Ba6 Kd6 42. Bc8 Be6 43. Bb7 Bd5 44. Bb4+ Ke6 45. Bc8+ Kf6 46. Ba5 Kg6 47. Bd8 Bc1 48. Kg3 Be3 49. Bb6 Bd2 50. Ba6 Be3 51. Be2 Kf6 52. Bc5 Ke6 53. Ba6 Kf6 54. Bc8 Kg6 55. Bb6 Kf6 56. Bd7 Kg6 57. Kg2 Kf6 1/2-1/2

[Event "EYCC Open-U14 2019"]
[Site "Bratislava"]
[Date "2019.08.06"]
[Round "5.32"]
[White "Levin, Guy"]
[Black "Hulka, Valentyn"]
[Result "1-0"]
[ECO "D78"]
[WhiteElo "2005"]
[BlackElo "1788"]
[Annotator "NA"]
[PlyCount "117"]
[EventDate "2019.08.02"]
[EventType "swiss"]
[EventCountry "SVK"]
[SourceTitle "playchess.com"]
[Source "ChessBase"]
[SourceQuality "1"]
[TimeControl "40/5400+30:1800+30"]

1. Nf3 Nf6 2. g3 g6 3. Bg2 Bg7 4. c4 O-O 5. O-O d5 6. d4 c6 7. b3 Bf5 8. Nc3 Ne4 9. Bb2 Nxc3 10. Bxc3 Be4 11. e3 Nd7 12. Qe2 Rb8 13. Rac1 dxc4 14. bxc4 c5 15. Rfd1 Qc7 16. Bh3 Bc6 17. d5 Ba4 18. Rd3 Bxc3 19. Rdxc3 a6 20. e4 Ne5 21. Nxe5 Qxe5 22. Qe3 Qc7 23. f4 Rfd8 24. e5 Bd7 25. e6 fxe6 26. Bxe6+ Bxe6 27. Qxe6+ Kf8 28. Re3 Qd6 29. Qh3 Kg8 30. Re6 Qd7 31. Qh4 Re8 32. Rce1 Qa4 33. Rxe7 Rxe7 34. Rxe7 Qd1+ 35. Kg2 Qc2+ 36. Kh3 Qf5+ 37. Qg4 Qxg4+ 38. Kxg4 b5 39. cxb5 axb5 40. d6 c4 41. d7 Kf8 42. Rxh7 Rd8 43. Kf3 Kg8 44. Re7 Kf8 45. Re8+ Rxe8 46. dxe8=Q+ Kxe8 47. Ke4 b4 48. Kd4 c3 49. Kd3 Ke7 50. a3 bxa3 51. Kxc3 Ke6 52. g4 Kd5 53. h4 Ke4 54. h5 gxh5 55. gxh5 Kf5 56. Kb3 Kf6 57. Kxa3 Kg7 58. f5 Kg8 59. Kb4 1-0

[Event "EYCC Open-U14 2019"]
[Site "Bratislava"]
[Date "2019.08.06"]
[Round "5.33"]
[White "Schouten, Mathias Lind"]
[Black "Liu, Casper"]
[Result "0-1"]
[ECO "B60"]
[WhiteElo "1961"]
[BlackElo "2194"]
[Annotator "NA"]
[PlyCount "55"]
[EventDate "2019.08.02"]
[EventType "swiss"]
[EventCountry "SVK"]
[SourceTitle "playchess.com"]
[Source "ChessBase"]
[SourceQuality "1"]
[TimeControl "40/5400+30:1800+30"]

1. e4 c5 2. Nf3 d6 3. d4 cxd4 4. Nxd4 Nf6 5. Nc3 Nc6 6. Bg5 Bd7 7. Bc4 Qa5 8. Bxf6 gxf6 9. Nb3 Qg5 10. O-O Rg8 11. g3 Bh3 12. Re1 e6 13. Nb5 O-O-O 14. N3d4 h5 15. Nxc6 bxc6 16. Nd4 h4 17. Re3 c5 18. Ba6+ Kc7 19. Nf3 Qf4 20. Qe1 Rb8 21. Bc4 hxg3 22. fxg3 Bh6 23. Ra3 Rb4 24. Kf2 Qg4 25. Rxa7+ Kb8 26. Ra3 d5 27. exd5 Qxc4 28. dxe6 0-1

[Event "EYCC Open-U14 2019"]
[Site "Bratislava"]
[Date "2019.08.06"]
[Round "5.34"]
[White "Droin, Augustin"]
[Black "Papidakis, Georgios"]
[Result "1/2-1/2"]
[ECO "C60"]
[WhiteElo "2172"]
[BlackElo "1888"]
[Annotator "NA"]
[PlyCount "95"]
[EventDate "2019.08.02"]
[EventType "swiss"]
[EventCountry "SVK"]
[SourceTitle "playchess.com"]
[Source "ChessBase"]
[SourceQuality "1"]
[TimeControl "40/5400+30:1800+30"]

1. e4 e5 2. Nf3 Nc6 3. Bb5 g6 4. O-O Bg7 5. c3 a6 6. Ba4 Nge7 7. d4 exd4 8. cxd4 O-O 9. d5 Na5 10. Qe2 b5 11. Bc2 d6 12. Nc3 Bb7 13. Rd1 Qd7 14. e5 Rae8 15. e6 fxe6 16. dxe6 Qc8 17. Ng5 Nec6 18. Qg4 Ne5 19. Qh3 h6 20. Nf7 Nxf7 21. exf7+ Kxf7 22. Qh4 Re5 23. Qg3 Re6 24. a4 Rfe8 25. Be3 Nc4 26. Bb3 Be5 27. Qh3 Bc6 28. axb5 axb5 29. Rdc1 g5 30. Nxb5 Bxb5 31. Bxc4 Bxc4 32. Rxc4 d5 33. Rc2 d4 34. Bd2 Bf4 35. Qf3 Kg7 36. g3 Bxd2 37. Rxd2 c5 38. Kg2 Qd7 39. Ra5 Rf6 40. Qd1 Qc6+ 41. Kg1 Ra8 42. Rxa8 Qxa8 43. Qg4 Ra6 44. Qd7+ Kg6 45. Rd1 Ra1 46. Qe6+ Kg7 47. Qe7+ Kg6 48. Qe6+ 1/2-1/2

[Event "EYCC Open-U14 2019"]
[Site "Bratislava"]
[Date "2019.08.06"]
[Round "5.35"]
[White "Kalosha, Zhiulien Oleksii"]
[Black "Sosovicka, Jakub"]
[Result "1-0"]
[ECO "B90"]
[WhiteElo "1936"]
[BlackElo "2097"]
[Annotator "NA"]
[PlyCount "101"]
[EventDate "2019.08.02"]
[EventType "swiss"]
[EventCountry "SVK"]
[SourceTitle "playchess.com"]
[Source "ChessBase"]
[SourceQuality "1"]
[TimeControl "40/5400+30:1800+30"]

1. e4 c5 2. Nf3 d6 3. d4 cxd4 4. Nxd4 Nf6 5. Nc3 a6 6. f3 e5 7. Nb3 Be6 8. Be3 Nc6 9. Nd5 Bxd5 10. exd5 Ne7 11. c4 g6 12. Bd3 Bg7 13. Qd2 O-O 14. O-O b5 15. a4 bxc4 16. Bxc4 Qd7 17. Na5 Nf5 18. b4 e4 19. Ra3 exf3 20. Rxf3 Ng4 21. Nc6 Ngxe3 22. Raxe3 Bh6 23. Re7 Nxe7 24. Qxh6 Nxc6 25. dxc6 Qa7+ 26. Kh1 Qd4 27. Qf4 Qxf4 28. Rxf4 Ra7 29. Kg1 Rb8 30. b5 d5 31. Bd3 axb5 32. axb5 Kf8 33. Rd4 Ke7 34. Rxd5 Ke6 35. Bc4 Ke7 36. Kf2 Rd8 37. Rxd8 Kxd8 38. b6 Ra4 39. Bd3 Kc8 40. Ke3 Kb8 41. Bb5 Ra5 42. c7+ Kb7 43. Bd7 Ra8 44. c8=Q+ Rxc8 45. Bxc8+ Kxc8 46. Kd4 f5 47. Ke5 Kb7 48. Kf6 Kxb6 49. h4 Kc6 50. Kg7 Kd5 51. Kxh7 1-0

[Event "EYCC Open-U14 2019"]
[Site "Bratislava"]
[Date "2019.08.06"]
[Round "5.36"]
[White "Antal, Hunor-Zoltan"]
[Black "Sobek, Michal"]
[Result "1/2-1/2"]
[ECO "A48"]
[WhiteElo "1980"]
[BlackElo "2101"]
[Annotator "NA"]
[PlyCount "43"]
[EventDate "2019.08.02"]
[EventType "swiss"]
[EventCountry "SVK"]
[SourceTitle "playchess.com"]
[Source "ChessBase"]
[SourceQuality "1"]
[TimeControl "40/5400+30:1800+30"]

1. d4 Nf6 2. Nf3 g6 3. c4 c5 4. d5 b5 5. Bg5 Bg7 6. Nbd2 d6 7. e4 Qa5 8. Qc2 Na6 9. a3 h6 10. Bf4 Rb8 11. cxb5 Nc7 12. b4 cxb4 13. Nb3 Qa4 14. Qxc7 Qxb3 15. Qxb8 Qc3+ 16. Ke2 Qc4+ 17. Kd1 Qb3+ 18. Ke1 Qc3+ 19. Ke2 Qc4+ 20. Kd1 Qb3+ 21. Ke1 Qc3+ 22. Ke2 1/2-1/2

[Event "EYCC Open-U14 2019"]
[Site "Bratislava"]
[Date "2019.08.06"]
[Round "5.37"]
[White "Dahl, Max"]
[Black "Ochedzan, Tymon"]
[Result "0-1"]
[ECO "A15"]
[WhiteElo "1981"]
[BlackElo "2037"]
[Annotator "NA"]
[PlyCount "152"]
[EventDate "2019.08.02"]
[EventType "swiss"]
[EventCountry "SVK"]
[SourceTitle "playchess.com"]
[Source "ChessBase"]
[SourceQuality "1"]
[TimeControl "40/5400+30:1800+30"]

1. c4 Nf6 2. g3 g6 3. Bg2 Bg7 4. Nc3 O-O 5. e4 d6 6. Nge2 c5 7. O-O Nc6 8. d3 a6 9. a3 Rb8 10. Rb1 b5 11. cxb5 axb5 12. b4 cxb4 13. axb4 Bd7 14. h3 Qc8 15. Kh2 Qa6 16. Be3 Rfc8 17. Qd2 Ra8 18. Rfc1 Be6 19. Nd5 Bxd5 20. exd5 Ne5 21. f4 Ned7 22. Nc3 Nb6 23. Qf2 Nfd7 24. Bd4 Bxd4 25. Qxd4 Qa3 26. Rc2 Qa6 27. Ra2 Qb7 28. Rxa8 Qxa8 29. Ne4 Qa2 30. Ra1 Qe2 31. Rf1 Qc2 32. Rf2 Qb1 33. Nc3 Qa1 34. Nxb5 Qxd4 35. Nxd4 Nf6 36. Rc2 Rxc2 37. Nxc2 Nfxd5 38. Bxd5 Nxd5 39. Kg2 Kf8 40. Kf3 Ke8 41. g4 Kd7 42. Ke4 e6 43. f5 g5 44. fxe6+ fxe6 45. Kf3 Nf4 46. h4 Nxd3 47. hxg5 d5 48. b5 e5 49. Ke3 Nc5 50. Ne1 d4+ 51. Ke2 e4 52. Ng2 Ne6 53. Nh4 Nxg5 54. Nf5 Nf3 55. b6 d3+ 56. Ke3 Ng5 57. Nd4 Kc8 58. Nb3 Kb7 59. Nc5+ Kxb6 60. Nxd3 exd3 61. Kxd3 Kc5 62. Ke3 Ne6 63. Ke4 Kd6 64. Kf5 Ke7 65. Ke5 Kf7 66. Kf5 h6 67. Ke5 Kg6 68. Kxe6 Kg5 69. Ke5 Kxg4 70. Ke4 h5 71. Ke3 Kg3 72. Ke2 Kg2 73. Ke3 h4 74. Kf4 h3 75. Ke3 h2 76. Kd4 h1=Q 0-1

[Event "EYCC Open-U14 2019"]
[Site "Bratislava"]
[Date "2019.08.06"]
[Round "5.38"]
[White "Cappelletto, Joshuaede"]
[Black "Farkas, Otto Jr."]
[Result "1-0"]
[ECO "B04"]
[WhiteElo "2138"]
[BlackElo "1913"]
[Annotator "NA"]
[PlyCount "49"]
[EventDate "2019.08.02"]
[EventType "swiss"]
[EventCountry "SVK"]
[SourceTitle "playchess.com"]
[Source "ChessBase"]
[SourceQuality "1"]
[TimeControl "40/5400+30:1800+30"]

1. e4 Nf6 2. e5 Nd5 3. d4 d6 4. Nf3 g6 5. c4 Nb6 6. h3 Bg7 7. Nc3 O-O 8. exd6 cxd6 9. Be2 Bf5 10. O-O d5 11. c5 Nc8 12. Qb3 Qd7 13. Qxd5 Qxd5 14. Nxd5 Nc6 15. Be3 Rd8 16. Nc7 Rb8 17. Rfd1 Be4 18. Ng5 Bf5 19. g4 Bc2 20. Rd2 h6 21. Nxf7 Kxf7 22. Bc4+ Kf6 23. Rxc2 Nxd4 24. Bxd4+ Rxd4 25. Ne8+ 1-0

[Event "EYCC Open-U14 2019"]
[Site "Bratislava"]
[Date "2019.08.06"]
[Round "5.39"]
[White "Talibov, Shiroghlan"]
[Black "Paduano, Claudio"]
[Result "1-0"]
[ECO "A18"]
[WhiteElo "1882"]
[BlackElo "2037"]
[Annotator "NA"]
[PlyCount "77"]
[EventDate "2019.08.02"]
[EventType "swiss"]
[EventCountry "SVK"]
[SourceTitle "playchess.com"]
[Source "ChessBase"]
[SourceQuality "1"]
[TimeControl "40/5400+30:1800+30"]

1. c4 Nf6 2. Nc3 e6 3. e4 d5 4. cxd5 exd5 5. e5 Nfd7 6. d4 c5 7. f4 cxd4 8. Qxd4 Nb6 9. Nf3 Nc6 10. Bb5 Bd7 11. Qd1 Bc5 12. a3 a6 13. Be2 Be6 14. b4 Be7 15. O-O d4 16. Ne4 Nc4 17. f5 Bd5 18. f6 gxf6 19. exf6 Bxf6 20. Nxf6+ Qxf6 21. Bg5 Qg7 22. Bxc4 Bxc4 23. Re1+ Be6 24. Qd2 Rg8 25. a4 Qg6 26. b5 Nb8 27. Qb4 Qxg5 28. Nxg5 Rxg5 29. bxa6 Rxa6 30. Qxb7 Kf8 31. Qxb8+ Kg7 32. Qf4 Raa5 33. Qxd4+ Kg8 34. Rxe6 fxe6 35. Qd7 Rae5 36. Rb1 Rgf5 37. Rb8+ Rf8 38. Rxf8+ Kxf8 39. Qd6+ 1-0

[Event "EYCC Open-U14 2019"]
[Site "Bratislava"]
[Date "2019.08.06"]
[Round "5.40"]
[White "Cuttoli, Alexandre"]
[Black "Poltorak, Sebastian"]
[Result "0-1"]
[ECO "E11"]
[WhiteElo "1848"]
[BlackElo "2068"]
[Annotator "NA"]
[PlyCount "120"]
[EventDate "2019.08.02"]
[EventType "swiss"]
[EventCountry "SVK"]
[SourceTitle "playchess.com"]
[Source "ChessBase"]
[SourceQuality "1"]
[TimeControl "40/5400+30:1800+30"]

1. d4 Nf6 2. Nf3 e6 3. c4 Bb4+ 4. Nbd2 d5 5. Qa4+ Nc6 6. a3 Be7 7. e3 Bd7 8. Qc2 O-O 9. Bd3 h6 10. b4 dxc4 11. Nxc4 a5 12. b5 Nb8 13. Rb1 c6 14. Nce5 cxb5 15. Nxd7 Nbxd7 16. Rxb5 Rc8 17. Qb2 Qc7 18. Bd2 b6 19. O-O Qd6 20. Ra1 Qc6 21. Qb1 Rfd8 22. e4 Ne8 23. Rh5 e5 24. Qd1 exd4 25. Nxd4 Qf6 26. Be3 Bc5 27. Rf5 Bxd4 28. Rxf6 Ndxf6 29. Bxd4 Rxd4 30. Qe2 Rcd8 31. Rd1 Nxe4 32. Qe3 Nc3 33. Rd2 Kh8 34. Qf3 Nf6 35. h3 b5 36. g4 b4 37. axb4 axb4 38. Qf5 b3 39. Qa5 b2 40. Qxc3 Rxd3 41. Qxb2 Rxd2 42. Qe5 Re8 43. Qg3 Re1+ 44. Kh2 Ree2 45. g5 Rxf2+ 46. Kg1 Rg2+ 47. Qxg2 Rxg2+ 48. Kxg2 hxg5 49. h4 gxh4 50. Kg1 g5 51. Kg2 g4 52. Kh1 Kg7 53. Kg1 Kg6 54. Kh1 Kf5 55. Kg2 Kf4 56. Kf2 h3 57. Kf1 g3 58. Kg1 Kf3 59. Kh1 Ng4 60. Kg1 h2+ 0-1

[Event "EYCC Open-U14 2019"]
[Site "Bratislava"]
[Date "2019.08.06"]
[Round "5.41"]
[White "Falkevall, Axel"]
[Black "Protassov, Vlad"]
[Result "1/2-1/2"]
[ECO "B11"]
[WhiteElo "2067"]
[BlackElo "1898"]
[Annotator "NA"]
[PlyCount "75"]
[EventDate "2019.08.02"]
[EventType "swiss"]
[EventCountry "SVK"]
[SourceTitle "playchess.com"]
[Source "ChessBase"]
[SourceQuality "1"]
[TimeControl "40/5400+30:1800+30"]

1. e4 c6 2. Nc3 d5 3. Nf3 Bg4 4. h3 Bxf3 5. Qxf3 e6 6. Be2 dxe4 7. Nxe4 Nd7 8. d4 Ngf6 9. Ng3 Qb6 10. c3 Be7 11. O-O O-O 12. Re1 Rfd8 13. Bc4 Nd5 14. Bb3 N7f6 15. Bg5 h6 16. Bxf6 Nxf6 17. Nf5 Re8 18. Nxe7+ Rxe7 19. Re2 Rae8 20. Rae1 Qc7 21. Qd3 c5 22. dxc5 Qxc5 23. Re5 Qc7 24. Qd4 a6 25. R5e3 Rd8 26. Qe5 Qxe5 27. Rxe5 Rd2 28. R1e2 Red7 29. Kf1 Kf8 30. Rxd2 Rxd2 31. Re2 Rxe2 32. Kxe2 Ke7 33. Kd3 Kd6 34. Bd1 Nd7 35. b4 Ne5+ 36. Kd4 Nc6+ 37. Ke3 b6 38. Ke4 {Ke5+} 1/2-1/2

[Event "EYCC Open-U14 2019"]
[Site "Bratislava"]
[Date "2019.08.06"]
[Round "5.42"]
[White "Vanduyfhuys, Igor"]
[Black "Frank, Adam"]
[Result "0-1"]
[ECO "C55"]
[WhiteElo "1804"]
[BlackElo "2125"]
[Annotator "NA"]
[PlyCount "66"]
[EventDate "2019.08.02"]
[EventType "swiss"]
[EventCountry "SVK"]
[SourceTitle "playchess.com"]
[Source "ChessBase"]
[SourceQuality "1"]
[TimeControl "40/5400+30:1800+30"]

1. e4 e5 2. Nf3 Nc6 3. Bc4 Nf6 4. d3 Be7 5. O-O O-O 6. Nc3 d6 7. a4 Bg4 8. h3 Bh5 9. Bg5 Qd7 10. Bxf6 Bxf6 11. Nd5 Nd4 12. Nxe5 Bxe5 13. Qxh5 Nxc2 14. Rac1 Nd4 15. f4 c6 16. Ne3 g6 17. Qd1 Bg7 18. f5 Kh8 19. Kh1 Rae8 20. Ng4 h5 21. Qe1 Nxf5 22. Qf2 hxg4 23. exf5 d5 24. Qh4+ Kg8 25. f6 dxc4 26. fxg7 Kxg7 27. Rxc4 f5 28. hxg4 Rh8 29. gxf5 Rxh4+ 30. Rxh4 gxf5 31. g4 Qxd3 32. Rxf5 Qd2 33. Rg5+ Qxg5 0-1

[Event "EYCC Open-U14 2019"]
[Site "Bratislava"]
[Date "2019.08.06"]
[Round "5.43"]
[White "Grahn, Vidar"]
[Black "Schlegel, Igor"]
[Result "1/2-1/2"]
[ECO "B90"]
[WhiteElo "1980"]
[BlackElo "1968"]
[Annotator "NA"]
[PlyCount "127"]
[EventDate "2019.08.02"]
[EventType "swiss"]
[EventCountry "SVK"]
[SourceTitle "playchess.com"]
[Source "ChessBase"]
[SourceQuality "1"]
[TimeControl "40/5400+30:1800+30"]

1. e4 c5 2. Nf3 d6 3. d4 cxd4 4. Nxd4 Nf6 5. Nc3 a6 6. Bc4 e6 7. Bb3 Nbd7 8. O-O Nc5 9. Re1 Be7 10. Qf3 O-O 11. Qg3 Qc7 12. Bh6 Ne8 13. Be3 b5 14. f3 Bb7 15. Rad1 Bf6 16. Nde2 b4 17. Na4 Nxa4 18. Bxa4 Bxb2 19. Bxe8 Rfxe8 20. Qxd6 Be5 21. Qxb4 Bxh2+ 22. Kf2 a5 23. Qb6 Qxb6 24. Bxb6 Ra6 25. Rb1 Bd6 26. Be3 Bc6 27. Red1 Ba4 28. Rd2 Rc6 29. c3 Bc5 30. Rb7 Rec8 31. Rdd7 Bxe3+ 32. Kxe3 Rxc3+ 33. Nxc3 Bxd7 34. Rxd7 Rxc3+ 35. Kd2 Rc8 36. Ra7 Kf8 37. Rxa5 Rc7 38. a4 Ke7 39. Kd3 f6 40. Kd4 g6 41. Rc5 Ra7 42. a5 Kd6 43. f4 h5 44. e5+ fxe5+ 45. fxe5+ Kd7 46. Rc3 Rxa5 47. Rg3 Ra4+ 48. Kc5 Re4 49. Rxg6 Rxe5+ 50. Kd4 Kd6 51. g4 hxg4 52. Rxg4 Ra5 53. Rg8 Ra4+ 54. Ke3 Kd5 55. Rd8+ Ke5 56. Rh8 Ra3+ 57. Ke2 Kd5 58. Rd8+ Ke4 59. Rd7 e5 60. Re7 Ra2+ 61. Ke1 Kd4 62. Rh7 e4 63. Rh3 e3 64. Rh8 1/2-1/2

[Event "EYCC Open-U14 2019"]
[Site "Bratislava"]
[Date "2019.08.06"]
[Round "5.44"]
[White "Indriunas, Matas"]
[Black "Binz, Lennox"]
[Result "1-0"]
[ECO "B42"]
[WhiteElo "1960"]
[BlackElo "1871"]
[Annotator "NA"]
[PlyCount "117"]
[EventDate "2019.08.02"]
[EventType "swiss"]
[EventCountry "SVK"]
[SourceTitle "playchess.com"]
[Source "ChessBase"]
[SourceQuality "1"]
[TimeControl "40/5400+30:1800+30"]

1. e4 c5 2. Nf3 e6 3. d4 cxd4 4. Nxd4 a6 5. Bd3 Nf6 6. O-O Qc7 7. Nc3 d6 8. Qe2 Nbd7 9. Nb3 b6 10. f4 Be7 11. Bd2 O-O 12. Rae1 Bb7 13. e5 Nd5 14. Nxd5 Bxd5 15. c4 Bb7 16. Kh1 Rad8 17. Bb1 g6 18. Be4 Bxe4 19. Qxe4 Nc5 20. Nxc5 Qxc5 21. exd6 Rxd6 22. Bc3 Rd7 23. g4 Bh4 24. Rd1 Rxd1 25. Rxd1 Rd8 26. Rd4 Bf6 27. Rxd8+ Bxd8 28. Kg2 Kf8 29. b4 Qd6 30. c5 Qd1 31. h3 bxc5 32. bxc5 Qc1 33. Qd4 Bc7 34. c6 Qxf4 35. Bb4+ Kg8 36. Qxf4 Bxf4 37. Ba5 Kg7 38. Kf3 Bh2 39. c7 Bxc7 40. Bxc7 Kf6 41. Bd8+ Ke5 42. g5 Kd4 43. Be7 Kd5 44. Bf6 a5 45. a3 Kd6 46. Ke4 Kc6 47. Be7 Kd7 48. Bf8 Ke8 49. Bc5 Kd7 50. Ke5 Kc6 51. Bf8 Kd7 52. a4 Kc6 53. Ba3 Kd7 54. Bc1 Kc6 55. Bd2 Kb6 56. Kf6 Ka6 57. Kxf7 e5 58. Ke6 e4 59. Ke5 1-0